 Dungeon Crawl Stone Soup version bcrawl-1.24.2 (webtiles) character file.

Game seed: 4814414115641358793

112 Freyura the Covered (level 4, -4/29 HPs)
             Began as a Gargoyle Fighter on June 20, 2020.
             Was a Believer of Ru.
             Killed by nerve-wracking pain
             ... invoked by an orc priest
              (6 damage)
             ... on level 3 of the Dungeon.
             The game lasted 00:08:04 (1836 turns).

Freyura the Covered (Gargoyle Fighter)              Turns: 1836, Time: 00:08:04

Health: -4/29      AC: 14    Str: 20    XL:     4   Next: 93%
Magic:  4/4        EV:  6    Int:  8    God:    Ru [**....]
Gold:   123        SH:  9    Dex: 10    Spells: 3/3 levels left

rFire    . . .     SeeInvis .   a - +1 flail
rCold    . . .     Gourm    .   c - +0 medium shield
rNeg     + . .     Faith    .   b - +0 scale mail
rPois    ∞         Spirit   .   p - +1 hat
rElec    +         Reflect  .   (no cloak)
rCorr    .         Harm     .   (no gloves)
MR       .....                  h - +2 pair of boots
Stlth    ..........             (no amulet)
HPRegen  0.09/turn              i - ring of Fisuho {+Fly rElec}
MPRegen  0.09/turn              (no ring)

@: no status effects
A: negative energy resistance 1, electricity resistance, unbreathing,
petrification resistance, rot immunity, inability to use devices, AC +3
a: Renounce Religion


You were on level 3 of the Dungeon.
You worshipped Ru.
Ru was pleased with you.
You were not hungry.

You visited 1 branch of the dungeon, and saw 3 of its levels.

You collected 123 gold pieces.

Inventory:

Hand Weapons
 a - a +1 flail (weapon)
Armour
 b - a +0 scale mail (worn)
 c - a +0 medium shield (worn)
 h - a +2 pair of boots (worn)
 p - a +1 hat (worn)
Jewellery
 i - the ring of Fisuho (left hand) {+Fly rElec}
   (You found it on level 1 of the Dungeon)

   [ring of flight]

   It insulates you from electricity.
   It lets you fly.
Scrolls
 j - 2 scrolls of immolation
 k - 2 scrolls of remove curse
 m - a scroll of magic mapping
Potions
 d - a potion of might
 f - a potion of mutation {unknown}
 g - a potion of heal wounds {unknown}
 l - a potion of cancellation {unknown}
 n - a potion of degeneration {unknown}
 o - a potion of flight {unknown}
 r - a potion of resistance {unknown}
Comestibles
 e - 4 rations {!d}


   Skills:
 + Level 3.8 Fighting
 * Level 3.3 Maces & Flails
 + Level 3.9 Armour
 + Level 1.1 Dodging
 + Level 3.8 Shields


You had 3 spell levels left.
You didn't know any spells.
Your spell library was empty.

Dungeon Overview and Level Annotations

Branches:
Dungeon (3/12)

Altars:
Fedhas
Gozag
Ru
Trog
Wu Jian
Xom


Innate Abilities, Weirdness & Mutations

You are resistant to torment.
Your stone body is resilient. (AC +3)
You are immune to poison.
You resist negative energy. (rN+)
You are resistant to electric shocks. (rElec)
You can survive without breathing.
You are immune to petrification.
You are immune to rotting.
You cannot study or use magical devices.


Message History

Your shield and scale mail prevent you from hitting the orc priest.
The orc priest is stunned by your will and fails to attack.
You block the orc priest's attack.
Your shield prevents you from hitting the orc priest.
The orc priest mumbles some strange prayers to Beogh against you.
Pain shoots through your body!
You closely miss the orc priest.
The orc priest hits you but does no damage.
You thump the orc priest!
The orc priest is heavily wounded.
The orc priest invokes the aid of Beogh against you.
Beogh smites you!
* * * LOW HITPOINT WARNING * * *
You focus your will and blind the orc priest in retribution!
You catch the helpless orc priest completely off-guard!
You hit the orc priest.
The orc priest is severely wounded.
The orc priest invokes the aid of Beogh against you.
Pain shoots through your body!
You die...

#####** #....,* #.....*
*********#.....*
,,,,,,,,,#.....###### ##########
,,,,,,,,,........(..####.........
,,,,,,,,,.........#.#....########
,,,,,,,,,......o@.).....#####
,,,,,,,,,......#.#..........#####
,,<,,,,,,......#......##.##......
,,,,,,,,,..........#.###.#######.
,,,,,,,,,.....###..#.# #..# #.
,,,,,,,,,.#*#.......†####.######.
**,,,,,,,,,,,.....#.#............
*,,,,,,,*****#.##.._..###...#####
*,,,,,,,* *,*###.#).####.#


You could see an orc priest (blind).

Vanquished Creatures
  A howler monkey skeleton (D:3)
  4 adders (D:3)
  An adder skeleton (D:3)
  A worm (D:2)
  2 dart slugs
  3 leopard geckos
  6 orcs
  5 bats
  3 giant cockroaches
  5 goblins
  7 hobgoblins
  7 kobolds
  A quokka (D:2)
  2 frilled lizards
  3 rats
51 creatures vanquished.

Notes
Turn   | Place    | Note
-------+----------+-------------------------------------------
     0 | D:1      | Freyura the Gargoyle Fighter began the quest for the Orb.
     0 | D:1      | Reached XP level 1. HP: 14/14 MP: 1/1
   193 | D:1      | Reached XP level 2. HP: 19/19 MP: 2/2
   229 | D:1      | Got a twitching glass ring
  1099 | D:2      | Found a sacrificial altar of Ru.
  1107 | D:2      | Became a worshipper of Ru the Awakened
  1114 | D:2      | Found a bloodstained altar of Trog.
  1179 | D:2      | Reached XP level 3. HP: 23/23 MP: 3/3
  1340 | D:2      | Found a blossoming altar of Fedhas.
  1464 | D:2      | Found an ornate altar of the Wu Jian Council.
  1475 | D:2      | Identified the ring of Fisuho {+Fly rElec} (You found it on
                  | level 1 of the Dungeon)
  1582 | D:3      | Found an opulent altar of Gozag.
  1587 | D:3      | Reached XP level 4. HP: 29/29 MP: 4/4
  1589 | D:3      | Reached skill level 1 in Dodging
  1737 | D:3      | Found a shimmering altar of Xom.
  1760 | D:3      | Gained mutation: You cannot study or use magical devices.
                  | [Ru sacrifice]
  1760 | D:3      | Reached * piety under Ru
  1760 | D:3      | Reached ** piety under Ru
  1835 | D:3      | HP: 1/29 [orc priest/divine providence (12)]
  1836 | D:3      | Killed from afar by an orc priest

Skill      XL: |  1  2  3  4 |
---------------+-------------+-----
Dodging        | 1 |  1.1
Maces & Flails | 3 |  3.3
Fighting       | |  3.8
Armour         | |  3.9
Shields        | |  3.8

Action                   |  1- 3 |  4- 6 || total
-------------------------+-------+-------++-------
Melee: Flail             |   155 |    42 ||   197
Invok: Sacrifice Artific |       |     1 ||     1
  Use: Scroll            |     6 |     2 ||     8
 Stab: Invisible         |       |     1 ||     1
  Eat: Chunk             |     3 |       ||     3
Armor: Scale mail        |   118 |    31 ||   149
Dodge: Dodged            |    36 |     8 ||    44
Block: Medium shield     |    90 |    18 ||   108
